 Dungeon Crawl Stone Soup version 0.22-a0-3-g4fa69d9a97 (webtiles) character file.

0 Manul the Ducker (level 1, -5/11 HPs)
             Began as a Spriggan Abyssal Knight on Jan 1, 2018.
             Was a Follower of Lugonu.
             Slain by a tentacled starspawn (16 damage)
             ... on level 1 of the Abyss.
             The game lasted 00:00:06 (99 turns).

Manul the Ducker (Spriggan Abyssal Knight)            Turns: 99, Time: 00:00:06

Health: -5/11      AC:  2    Str:  8    XL:     1   Next: 0%
Magic:  3/3        EV: 18    Int: 13    God:    Lugonu [*.....]
Gold:   11         SH:  0    Dex: 15    Spells: 0/0 levels left

rFire    . . .     SeeInvis +   a - +1 short sword
rCold    . . .     Gourm    .   (shield restricted)
rNeg     . . .     Faith    .   b - +0 robe
rPois    .         Spirit   .   (helmet restricted)
rElec    .         Reflect  .   (no cloak)
rCorr    .         Harm     .   (gloves unavailable)
MR       .....                  (boots unavailable)
Stlth    +.........             (no amulet)
HPRegen  0.03/turn              (no ring)
MPRegen  0.08/turn              (no ring)

@: very quick
A: very small, unfitting armour, see invisible, herbivore, speed 3, slow
metabolism 2
a: Depart the Abyss, Renounce Religion


You were on level 1 of the Abyss.
You worshipped Lugonu.
Lugonu was aware of your devotion.
You were not hungry.

You visited 0 branches of the dungeon, and saw 0 of its levels.
You visited the Abyss 1 time.

You collected 11 gold pieces.

Inventory:

Hand Weapons
 a - a +1 short sword (weapon)
Armour
 b - a +0 robe (worn)
Scrolls
 d - a scroll of immolation {unknown}
 e - a scroll of fog {unknown}
 f - a scroll of noise {unknown}
Comestibles
 c - a ration


   Skills:
 + Level 2.4 Fighting
 + Level 2.1 Short Blades
 + Level 3.5 Dodging
 + Level 1.7 Invocations


You couldn't memorise any spells.
You didn't know any spells.

Dungeon Overview and Level Annotations

Branches:
Dungeon (0/15)

Altars:


Innate Abilities, Weirdness & Mutations

You are very small and have problems with some larger weapons.
You are too small for most types of armour.
You have supernaturally acute eyesight. (SInv)
You are a herbivore.
You cover ground extremely quickly.
You need consume almost no food.


Message History

The bosom of this dungeon contains the fabled artefact, the Orb of Zot.
Lugonu says: Depart the Abyss and spread corruption, my servant! (use the ability menu to exit the Abyss) Press ? for a list of commands and other information.
Found a corrupted altar of Lugonu.
No target in view!
You now have 11 gold pieces.
d - a scroll labeled QUOBAP LENUXT Unknown command.
Found a hunting sling.
e - a scroll labeled BIMAT NUNESO
f - a scroll labeled COENUBE YNICI
Found a gateway leading deeper into the Abyss.
A tentacled starspawn comes into view.
A starspawn tentacle comes into view.
A large abomination comes into view.
There is a gateway leading deeper into the Abyss here.
The tentacled starspawn barely misses you.
The tentacled starspawn engulfs you!
Ouch! That really hurt!
You die...

#..# .#.# #
#...### # ##
#..#.## .# #.##
#.#.##.##.##...#
# ## ##...#...#.
.##..#.##......
#........#.#####.
#.#.#..#.X##.....
......#.@....#
#.#.#....##...# #
#..#...# #.# #.
##... # #. .... #
.#X.. .#..... .#
...


You could see a tentacled starspawn and a large abomination.

Vanquished Creatures (others)
  2 starspawn tentacles (Abyss:1)
2 creatures vanquished.

Notes
Turn   | Place    | Note
-------+----------+-------------------------------------------
     0 | Abyss:1  | Manul the Spriggan Abyssal Knight began the quest for the Orb.
     0 | Abyss:1  | Reached XP level 1. HP: 11/11 MP: 3/3
    93 | Abyss:1  | Noticed a tentacled starspawn
    97 | Abyss:1  | Noticed a large abomination
    99 | Abyss:1  | Slain by a tentacled starspawn

Vault maps used:

Action                   || total
-------------------------++-------
Dodge: Dodged            ||     1

Table legend:
 A = Spawn XP
 B = Non-spawn XP
 C = Spawn XP percentage of total XP
 D = Spawn monster count
 E = Non-spawn monster count
 F = Spawn count percentage of total count
 G = Total turns spent on level
                    A         B        C        D         E        F      G
               +---------+---------+-------+---------+---------+-------+---------
         Total |       0 |       0 |   N/A |       0 |       0 |   N/A |    99
               +---------+---------+-------+---------+---------+-------+---------
               +---------+---------+-------+---------+---------+-------+---------
